 Dungeon Crawl Stone Soup version 0.30.1-4-g462c640d31 (webtiles) character file.

Game seed: 13193455747478978149

676 jurchenman the Trooper (level 7, -6/63 HPs)
             Began as a Minotaur Fighter on Aug 28, 2023.
             Mangled by an iguana (9 damage)
             ... on level 4 of the Dungeon.
             The game lasted 00:07:31 (2846 turns).

jurchenman the Trooper (Minotaur Fighter)           Turns: 2846, Time: 00:07:33

Health: -6/63      AC: 13    Str: 22    XL:     7   Next: 33%
Magic:  6/6        EV:  6    Int:  5    God:
Gold:   215        SH:  0    Dex: 10    Spells: 6/6 levels left

rFire   . . .        p - +7 great sword (protect)
rCold   . . .        (shield currently unavailable)
rNeg    . . .        s - +0 plate armour
rPois   .            (helmet restricted)
rElec   .            (no cloak)
rCorr   .            (no gloves)
SInv    .            n - +0 pair of boots
Will    .....        (no amulet) Stlth
                     (no ring)
HPRegen 0.30/turn    (no ring)
MPRegen 0.10/turn

%: no passive effects
@: mighty
A: horns 2, retaliatory headbutt
a: no special abilities


You were on level 4 of the Dungeon.
You visited 1 branch of the dungeon, and saw 5 of its levels.

You collected 215 gold pieces.

Inventory:

Hand Weapons
 a - a +0 war axe
 j - a +0 sling
 p - a +7 great sword of protection (weapon)
Missiles
 e - 2 poisoned darts
 g - 31 stones
 m - 3 boomerangs (quivered)
Armour
 b - a +0 scale mail
 c - a +0 buckler
 n - a +0 pair of boots (worn)
 s - a +0 plate armour (worn)
Wands
 u - a wand of flame (15)
Scrolls
 o - a scroll of magic mapping
Potions
 d - a potion of might
 f - 3 potions of flight
 h - a potion of attraction {unknown}
 i - a potion of curing {unknown}
 k - 2 potions of magic
 l - a potion of heal wounds {unknown}
 q - a potion of haste {unknown}
 r - a potion of brilliance {unknown}
 v - a potion of lignification {unknown}
 x - a potion of mutation {unknown}


   Skills:
 + Level 6.0 Fighting
 + Level 4.0 Long Blades
 - Level 3.2 Axes
 + Level 3.4 Throwing
 + Level 5.9 Armour
 - Level 4.1 Shields


You had 6 spell levels left.
You didn't know any spells.
Your spell library contained the following spells:

 Spells                   Type           Power      Damage    Failure   Level
 Summon Small Mammal      Summ           0%         N/A       100%        1
 Call Canine Familiar     Summ           0%         N/A       100%        3
 Summon Guardian Golem    Hex/Summ       0%         N/A       100%        3


Dungeon Overview and Level Annotations

Branches:
Dungeon (5/15)
 Temple: D:4-7

Altars:
Cheibriados
Uskayaw

Annotations:
D:4 2 runed translucent doors, Esekla's ghost, amateur DENe


Innate Abilities, Weirdness & Mutations

You have a pair of horns on your head.
You reflexively headbutt those who attack you in melee.


Message History

The iguana bites you.
The iguana bites you but does no damage.
The goblin barely misses you. The hound bites you but does no damage.
The ufetubus completely misses you.
The ufetubus hits you but does no damage.
The hobgoblin hits you but does no damage.
The iguana bites you!
* * * LOW HITPOINT WARNING * * *
The iguana bites you but does no damage. x2
The goblin hits you but does no damage.
Your Fighting skill increases to level 6!
The hound barely misses you. The scorpion barely misses you.
The ufetubus barely misses you. You furiously retaliate!
You headbutt the ufetubus.
The ufetubus hits you but does no damage.
The iguana bites you but does no damage.
The hobgoblin hits you but does no damage.
The hound bites you but does no damage.
The iguana bites you but does no damage.
The goblin hits you but does no damage. The iguana bites you.
* * * LOW HITPOINT WARNING * * *
The scorpion barely misses you.
The ufetubus hits you but does no damage. x2
You climb upwards.
Level annotation: 2 runed translucent doors, Esekla's ghost, amateur DENe
There is a stone staircase leading down, spattered with blood here.
Okay, then.
You feel very mighty all of a sudden. The hound bites you but does no damage.
The hobgoblin hits you but does no damage.
The iguana bites you!
* * * LOW HITPOINT WARNING * * *
The ufetubus hits you but does no damage.
The ufetubus hits you.
* * * LOW HITPOINT WARNING * * *
The scorpion stings you but does no damage.
The iguana bites you.
* * * LOW HITPOINT WARNING * * *
The goblin hits you but does no damage. The iguana bites you!
You die...

####.##.#.## #.# ##.....#.....#
#.#######.####.# ##.............
.....# #...##.## #..............
..#### #.#.##..###..............
#.# #........................
#.########..................)....
#...รท..............)..<..........
#..............5gl...............
#..............h@g...............
#.)............sll........#.....#
.............<..........#########
.#........#............##
##........##........>.##
..........#############
##........# #........# ##########


You could see a scorpion, 3 iguanas, a hound, an ufetubus, a hobgoblin and a
goblin.

Vanquished Creatures
  A black bear (D:4)
  2 ogres (D:4)
  A scorpion (D:4)
  An orc priest (D:3)
  A jelly (D:4)
  A hound (D:4)
  Ijyb (D:3)
  Terence (D:3)
  An orc wizard (D:3)
  A gnoll (D:1)
  8 adders
  4 worms
  2 dart slugs
  14 orcs
  4 ball pythons
  7 endoplasms
  3 giant cockroaches
  5 goblins
  6 hobgoblins
  3 kobolds
  3 quokkas
  8 bats
  2 frilled lizards (D:3)
  3 rats (D:1)
83 creatures vanquished.

Notes
Turn   | Place    | Note
-------+----------+-------------------------------------------
     0 | D:1      | jurchenman the Minotaur Fighter began the quest for the
                  | Orb.
     0 | D:1      | Reached XP level 1. HP: 19/19 MP: 0/0
    59 | D:1      | Reached XP level 2. HP: 18/27 MP: 1/1
   162 | D:1      | Found a faded altar of an unknown god.
   420 | D:1      | Reached skill level 4 in Fighting
   749 | D:2      | Reached XP level 3. HP: 33/33 MP: 2/2
  1458 | D:3      | Reached XP level 4. HP: 33/40 MP: 3/3
  1518 | D:3      | Reached skill level 1 in Throwing
  1585 | D:3      | Reached skill level 1 in Long Blades
  1595 | D:3      | Found a hide-covered altar of Uskayaw.
  1598 | D:3      | Noticed Terence
  1639 | D:3      | Killed Terence
  1640 | D:3      | Reached XP level 5. HP: 43/47 MP: 4/4
  1739 | D:3      | Noticed Ijyb
  1744 | D:3      | Killed Ijyb
  1991 | D:3      | Identified the +5 ring mail "Jasulel" {rF+ Regen+ rCorr
                  | Int-3}
  2085 | D:4      | Reached skill level 5 in Fighting
  2145 | D:4      | Noticed a black bear
  2151 | D:4      | Killed a black bear
  2152 | D:4      | Reached skill level 5 in Armour
  2152 | D:4      | Reached XP level 6. HP: 47/56 MP: 5/5
  2319 | D:4      | Reached XP level 7. HP: 39/62 MP: 6/6
  2447 | D:4      | Found a snail-covered altar of Cheibriados.
  2525 | D:4      | Found a large runed translucent door.
  2526 | D:4      | Found a large runed translucent door.
  2529 | D:4      | Noticed Esekla's ghost (amateur DENe)
  2621 | D:5      | Entered Level 5 of the Dungeon
  2634 | D:4      | HP: 2/62 [ogre/+0 giant club (14)]
  2844 | D:5      | Reached skill level 6 in Fighting
  2846 | D:4      | HP: 3/63 [iguana (1)]
  2846 | D:4      | Mangled by an iguana

Illustrated notes

Levels and vault maps discovered:
D:1:      psy_arrival_heroes, layout_rooms, dreamdust_ecumenical_altar_statues,
          chequers_serial_rivers_micro_c, minmay_pentomino_q2
D:2:      layout_basic, guppyfry_early_orc_mine
D:3:      layout_loops_ring, mainiacjoe_overflow_concentric_impassable,
          uniq_ijyb, uniq_terence
D:4:      layout_rooms, chei_slow_surprise, ebering_ghost_disaster_area
D:5:      minmay_angry_zag, layout_rooms, tgw_xom,
          minmay_overflow_temple_star_quad, kennysheep_generic_room_3,
          uniq_sigmund

Skill      XL: |  1  2  3  4  5  6  7 |
---------------+----------------------+-----
Armour         | 4 5 |  5.9
Shields        | 4 |  4.1
Fighting       | 4 5 6 |  6.0
Axes           | 3 |  3.2
Throwing       | 1 2 3 |  3.4
Long Blades    | 1 2 3 4 |  4.0

Action                     |  1- 3 |  4- 6 |  7- 9 || total
---------------------------+-------+-------+-------++-------
  Melee: War axe           |    48 |       |       ||    48
         Headbutt          |     7 |     4 |     2 ||    13
         Great sword       |    18 |    78 |    19 ||   115
  Throw: Boomerang         |       |    11 |       ||    11
         Dart              |       |     1 |       ||     1
    Use: Scroll            |     4 |     1 |     2 ||     7
         Potion            |       |       |     1 ||     1
 Armour: Scale mail        |    42 |       |       ||    42
         Plate armour      |       |    86 |    60 ||   146
  Dodge: Dodged            |    41 |    35 |    18 ||    94
  Block: Buckler           |    10 |       |       ||    10
